Rock Island Raccoons vs Kelowna Rockets
Created - Saturday, June 10, 2023 at 05:49
Goals
|
| Rock Island Raccoons |
0 |
0 |
1 |
1 |
| Kelowna Rockets |
0 |
0 |
2 |
2 |
|
Shots
|
| Rock Island Raccoons |
5 |
8 |
15 |
28 |
| Kelowna Rockets |
10 |
5 |
10 |
25 |
|
1st period
No Goal
Penalties :
Givani Smith (KEL) for Hooking (Minor) at 3:05, Givani Smith (KEL) for Fighting (Major) at 5:13, Filip Chytil (RIR) for Fighting (Major) at 5:13, Ty Dellandrea (KEL) for Hooking (Minor) at 9:36
2nd period
No Goal
Penalties :
Ryan Lindgren (RIR) for Tripping (Minor) at 2:34
3rd period
1. Kelowna Rockets , Oskar Steen 28 (Lucas Johansen 20, Max Lajoie 42) at 0:50
2. Rock Island Raccoons , Ryan Lindgren 6 (Mathieu Perreault 42, Luke Glendening 69) at 1:42
3. Kelowna Rockets , Jasper Weatherby 49 (Cale Fleury 41, Jesse Ylonen 57) at 16:36 (PP)
Penalties :
Cale Fleury (KEL) for Hooking (Minor) at 2:09, Brian Boyle (RIR) for Holding (Minor) at 7:43, Andrew Ladd (RIR) for Interference (Minor) at 10:07, Ben Harpur (RIR) for Holding (Minor) at 15:11, Nate Thompson (RIR) for Holding (Minor) at 16:59
Goalie Stats
Braden Holtby (RIR), 23 saves from 25 shots - (0.920), L, 40-15-1, 59:31 minutes
Justus Annunen (KEL), 27 saves from 28 shots - (0.964), W, 11-14-3, 60:00 minutes
Players Stats for Rock Island Raccoons
Player Name G A P +/- PIM S H SB GA TA FO MP PP MP PK MP
------------------------------------------------------------------------------------
Alex Barre-Boulet 0 0 0 0 0 0 0 0 0 0 0/0 3:00 0:00 0:00
Andrew Ladd 0 0 0 0 2 2 1 1 1 0 0/0 13:15 0:00 0:52
Andy Greene 0 0 0 0 0 1 1 5 1 0 0/0 26:45 3:03 4:45
Ben Harpur 0 0 0 0 2 1 1 0 0 0 0/0 15:43 2:54 0:00
Brendan Smith 0 0 0 1 0 2 2 0 1 1 1/2 20:36 2:59 4:40
Brian Boyle 0 0 0 0 2 1 1 0 0 0 7/7 19:19 2:57 3:17
Carl Hagelin 0 0 0 0 0 4 3 1 0 0 3/6 20:31 2:58 4:29
Drake Caggiula 0 0 0 0 0 6 1 0 0 0 0/0 16:24 2:58 0:06
Dryden Hunt 0 0 0 -1 0 0 2 0 1 2 0/0 5:56 0:00 0:00
Filip Chytil 0 0 0 -1 5 1 2 1 1 0 0/4 12:42 0:00 0:00
Gustav Lindstrom 0 0 0 0 0 0 0 0 0 0 0/0 12:29 0:00 0:00
Jake Walman 0 0 0 0 0 0 0 0 0 0 0/0 13:52 0:00 1:08
Logan Stanley 0 0 0 0 0 1 0 0 0 2 0/0 20:46 2:54 4:36
Luke Glendening 0 1 1 0 0 6 1 0 0 1 12/23 24:23 2:59 4:46
Mathieu Perreault 0 1 1 1 0 0 2 0 1 0 0/0 21:02 2:59 4:46
Nate Thompson 0 0 0 0 2 0 0 1 0 0 3/8 12:09 0:00 0:00
Ryan Lindgren 1 0 1 0 2 3 2 0 0 1 0/0 26:09 3:03 3:59
Sam Carrick 0 0 0 0 0 0 1 0 1 0 0/1 5:32 0:01 0:00
Players Stats for Kelowna Rockets
Player Name G A P +/- PIM S H SB GA TA FO MP PP MP PK MP
------------------------------------------------------------------------------------
Alex Peters 0 0 0 -1 0 0 1 0 0 0 0/0 13:13 0:00 0:30
Arnaud Durandeau 0 0 0 0 0 0 0 0 0 0 0/0 4:36 0:00 0:00
Cale Fleury 0 1 1 0 2 1 1 1 1 0 0/0 25:16 4:58 2:21
Givani Smith 0 0 0 0 7 0 0 1 0 0 0/1 11:33 0:00 0:11
Jack Drury 0 0 0 0 0 2 1 2 1 0 3/6 15:15 0:00 2:07
Jacob Perreault 0 0 0 0 0 0 2 1 0 0 0/1 13:29 0:00 0:46
Jasper Weatherby 1 0 1 0 0 5 2 0 1 1 1/1 23:17 5:33 2:47
Jesse Ylonen 0 1 1 0 0 4 0 0 0 1 0/0 19:23 5:33 1:11
Joe Gambardella 0 0 0 0 0 0 0 0 0 0 0/0 0:21 0:00 0:09
Joel Kiviranta 0 0 0 0 0 4 1 1 1 0 0/1 19:14 3:48 0:26
Lucas Johansen 0 1 1 1 0 0 3 2 0 0 0/0 21:01 4:23 2:37
Matias Maccelli 0 0 0 0 0 2 1 0 0 0 0/0 19:48 3:48 2:36
Max Lajoie 0 1 1 1 0 0 2 2 0 1 0/0 27:59 4:58 3:26
Maxence Guenette 0 0 0 0 0 0 1 0 0 1 0/0 19:17 4:23 2:30
Oskar Steen 1 0 1 0 0 4 1 0 1 1 5/10 17:41 3:48 0:00
Oskari Laaksonen 0 0 0 -1 0 0 0 0 0 1 0/0 13:13 0:00 0:30
Roby Jarventie 0 0 0 0 0 2 0 2 0 0 2/2 6:12 0:00 0:00
Ty Dellandrea 0 0 0 0 2 1 0 2 2 1 14/29 23:22 5:33 1:52
3 Stars
1 - Justus Annunen (KEL)
2 - Jasper Weatherby (KEL)
3 - Lucas Johansen (KEL)
Power Play
Rock Island Raccoons - 0 on 3 Attempt(s) - 0.00%
Kelowna Rockets - 1 on 5 Attempt(s) - 20.00%
Penalty Kill
Rock Island Raccoons - 4 on 5 Attempt(s) - 80.00%
- Score 0 goal in Penalty Kill
Kelowna Rockets - 3 on 3 Attempt(s) - 100.00%
- Score 0 goal in Penalty Kill
Team Stat
Rock Island Raccoons - Hits : 20 - Faceoff Wins : 26 - Blocked Shots : 9 - Penalty Minutes : 15
Kelowna Rockets - Hits : 16 - Faceoff Wins : 25 - Blocked Shots : 14 - Penalty Minutes : 11
Official
Referees : Kendrick Nicholson and Ian Walsh
Linesman : Brad Lazarowich and Ryan Gibbons
Game Notes
Givani Smith beats up Filip Chytil at 5:13 of 1st period
Rock Island Raccoons
5 vs 5 Forward
Center Left Wing Right Wing Time % Phy DF OF
1 Luke Glendening Mathieu Perreault Brendan Smith 30 1 2 2
2 Brian Boyle Carl Hagelin Drake Caggiula 30 1 2 2
3 Nate Thompson Andrew Ladd Filip Chytil 25 1 2 2
4 Filip Chytil Dryden Hunt Luke Glendening 15 1 2 2
5 vs 5 Defense
Defense Defense Time % Phy DF OF
1 Andy Greene Ryan Lindgren 30 1 2 2
2 Logan Stanley Ben Harpur 30 1 2 2
3 Gustav Lindstrom Jake Walman 25 1 2 2
4 Andy Greene Ryan Lindgren 15 1 2 2
PowerPlay Forward
Center Left Wing Right Wing Time % Phy DF OF
1 Luke Glendening Mathieu Perreault Brendan Smith 50 1 2 2
2 Brian Boyle Carl Hagelin Drake Caggiula 50 1 2 2
PowerPlay Defense
Defense Defense Time % Phy DF OF
1 Andy Greene Ryan Lindgren 50 1 2 2
2 Logan Stanley Ben Harpur 50 1 2 2
Penalty Kill 4 Players Forward
Center Wing Time % Phy DF OF
1 Luke Glendening Mathieu Perreault 50 1 2 2
2 Carl Hagelin Brian Boyle 50 1 2 2
Penalty Kill 4 Players Defense
Defense Defense Time % Phy DF OF
1 Andy Greene Ryan Lindgren 50 1 2 2
2 Logan Stanley Brendan Smith 50 1 2 2
Penalty Kill - 3 Players Forward
Forward Time % Phy DF OF
1 Luke Glendening 50 1 2 2
2 Mathieu Perreault 50 1 2 2
Penalty Kill - 3 Players Defense
Defense Defense Time % Phy DF OF
1 Andy Greene Ryan Lindgren 50 1 2 2
2 Logan Stanley Brendan Smith 50 1 2 2
4 vs 4 Forward
Center Wing Time % Phy DF OF
1 Luke Glendening Mathieu Perreault 50 1 2 2
2 Carl Hagelin Brian Boyle 50 1 2 2
4 vs 4 Defense
Defense Defense Time % Phy DF OF
1 Andy Greene Ryan Lindgren 50 1 2 2
2 Logan Stanley Brendan Smith 50 1 2 2
Last Minutes Offensive
Center Left Wing Right Wing Defense Defense
Luke Glendening Mathieu Perreault Brendan Smith Andy Greene Ryan Lindgren
Last Minutes Defensive
Center Left Wing Right Wing Defense Defense
Luke Glendening Mathieu Perreault Brendan Smith Andy Greene Ryan Lindgren
Goaltenders
Starting : Braden Holtby
Backup : Mikko Koskinen
Extra Forwards
Normal : Sam Carrick, Alex Barre-Boulet, Andrew Ladd - PP : Sam Carrick, Alex Barre-Boulet - PK : Andrew Ladd
Extra Defensemen
Normal : Gustav Lindstrom, Jake Walman, Ben Harpur - PP : Gustav Lindstrom - PK : Jake Walman, Ben Harpur
Penalty Shots
Luke Glendening, Mathieu Perreault, Carl Hagelin, Brendan Smith, Brian Boyle
Kelowna Rockets
5 vs 5 Forward
Center Left Wing Right Wing Time % Phy DF OF
1 Ty Dellandrea Jasper Weatherby Jesse Ylonen 40 1 2 2
2 Oskar Steen Matias Maccelli Joel Kiviranta 30 1 2 2
3 Jack Drury Givani Smith Jacob Perreault 20 1 2 2
4 Ty Dellandrea Arnaud Durandeau Jasper Weatherby 10 1 2 2
5 vs 5 Defense
Defense Defense Time % Phy DF OF
1 Cale Fleury Max Lajoie 40 1 2 2
2 Lucas Johansen Maxence Guenette 30 1 2 2
3 Alex Peters Oskari Laaksonen 20 1 2 2
4 Max Lajoie Lucas Johansen 10 1 2 2
PowerPlay Forward
Center Left Wing Right Wing Time % Phy DF OF
1 Ty Dellandrea Jasper Weatherby Jesse Ylonen 60 1 2 2
2 Oskar Steen Matias Maccelli Joel Kiviranta 40 1 2 2
PowerPlay Defense
Defense Defense Time % Phy DF OF
1 Cale Fleury Max Lajoie 60 1 2 2
2 Lucas Johansen Maxence Guenette 40 1 2 2
Penalty Kill 4 Players Forward
Center Wing Time % Phy DF OF
1 Ty Dellandrea Jasper Weatherby 60 1 2 2
2 Jesse Ylonen Matias Maccelli 40 1 2 2
Penalty Kill 4 Players Defense
Defense Defense Time % Phy DF OF
1 Cale Fleury Max Lajoie 60 1 2 2
2 Lucas Johansen Maxence Guenette 40 1 2 2
Penalty Kill - 3 Players Forward
Forward Time % Phy DF OF
1 Ty Dellandrea 60 1 2 2
2 Jasper Weatherby 40 1 2 2
Penalty Kill - 3 Players Defense
Defense Defense Time % Phy DF OF
1 Cale Fleury Max Lajoie 60 1 2 2
2 Lucas Johansen Maxence Guenette 40 1 2 2
4 vs 4 Forward
Center Wing Time % Phy DF OF
1 Ty Dellandrea Jasper Weatherby 60 1 2 2
2 Jesse Ylonen Matias Maccelli 40 1 2 2
4 vs 4 Defense
Defense Defense Time % Phy DF OF
1 Cale Fleury Max Lajoie 60 1 2 2
2 Lucas Johansen Maxence Guenette 40 1 2 2
Last Minutes Offensive
Center Left Wing Right Wing Defense Defense
Ty Dellandrea Jasper Weatherby Jesse Ylonen Cale Fleury Max Lajoie
Last Minutes Defensive
Center Left Wing Right Wing Defense Defense
Ty Dellandrea Jasper Weatherby Jesse Ylonen Cale Fleury Max Lajoie
Goaltenders
Starting : Justus Annunen
Backup : Eetu Makiniemi
Extra Forwards
Normal : Roby Jarventie, Ty Dellandrea, Jack Drury - PP : Roby Jarventie, Ty Dellandrea - PK : Jack Drury
Extra Defensemen
Normal : Max Lajoie, Maxence Guenette, Cale Fleury - PP : Cale Fleury - PK : Maxence Guenette, Cale Fleury
Penalty Shots
Ty Dellandrea, Jasper Weatherby, Jesse Ylonen, Matias Maccelli, Oskar Steen
% Time on Ice - Rock Island Raccoons
Lines # - Real PCT - Wanted PCT - Time Play
Normal Forward
1 - 28% - 30% - 12:28
2 - 31% - 30% - 13:31
3 - 27% - 25% - 11:58
4 - 14% - 15% - 5:56
Normal Defense
1 - 31% - 30% - 13:24
2 - 30% - 30% - 13:16
3 - 28% - 25% - 12:29
4 - 11% - 15% - 4:44
PP Forward
1 - 50% - 50% - 2:59
2 - 50% - 50% - 2:58
PP Defense
1 - 51% - 50% - 3:03
2 - 49% - 50% - 2:54
PK Forward
1 - 51% - 50% - 4:46
2 - 49% - 50% - 4:35
PK Defense
1 - 51% - 50% - 4:45
2 - 49% - 50% - 4:36
PK3 Forward
1 - 0% - 50%
2 - 0% - 50%
PK3 Defense
1 - 0% - 50%
2 - 0% - 50%
44 Forward
1 - 0% - 50%
2 - 0% - 50%
44 Defense
1 - 0% - 50%
2 - 0% - 50%
Last Minute Offensive - 0:49
Last Minute Defensive - 0:00
Total
Forward - 60:00
Defense - 60:00
|
% Time on Ice - Kelowna Rockets
Lines # - Real PCT - Wanted PCT - Time Play
Normal Forward
1 - 29% - 40% - 12:31
2 - 32% - 30% - 14:04
3 - 29% - 20% - 12:35
4 - 11% - 10% - 4:36
Normal Defense
1 - 39% - 40% - 17:02
2 - 28% - 30% - 12:24
3 - 29% - 20% - 12:43
4 - 4% - 10% - 1:37
PP Forward
1 - 59% - 60% - 5:33
2 - 41% - 40% - 3:48
PP Defense
1 - 53% - 60% - 4:58
2 - 47% - 40% - 4:23
PK Forward
1 - 80% - 60% - 4:46
2 - 20% - 40% - 1:11
PK Defense
1 - 73% - 60% - 4:20
2 - 27% - 40% - 1:37
PK3 Forward
1 - 0% - 60%
2 - 0% - 40%
PK3 Defense
1 - 0% - 60%
2 - 0% - 40%
44 Forward
1 - 0% - 60%
2 - 0% - 40%
44 Defense
1 - 0% - 60%
2 - 0% - 40%
Last Minute Offensive - 0:00
Last Minute Defensive - 0:56
Total
Forward - 60:00
Defense - 60:00
|
Play-by-Play
1st period
0:01 of 1st period - Ty Dellandrea wins face-off versus Luke Glendening in neutral zone.
0:04 of 1st period - Snap shot by Jesse Ylonen.
0:04 of 1st period - Stopped by Braden Holtby with a rebound.
0:06 of 1st period - Slapshot by Cale Fleury.
0:06 of 1st period - Shot Blocked by Andy Greene.
0:08 of 1st period - Slapshot by Cale Fleury.
0:08 of 1st period - Shot Blocked by Andy Greene.
0:26 of 1st period - Oskar Steen is hit by Brian Boyle and loses puck.
0:47 of 1st period - Logan Stanley is hit by Jack Drury and loses puck.
0:56 of 1st period - Slapshot by Andrew Ladd.
0:56 of 1st period - Shot Blocked by Jack Drury.
1:20 of 1st period - Mathieu Perreault is hit by Lucas Johansen and loses puck.
1:43 of 1st period - Wrist shot by Matias Maccelli.
1:43 of 1st period - Shot Misses the Net.
1:45 of 1st period - Slapshot by Oskari Laaksonen.
1:45 of 1st period - Shot Misses the Net.
1:47 of 1st period - Wrist shot by Joel Kiviranta.
1:47 of 1st period - Stopped by Braden Holtby with a rebound.
1:49 of 1st period - Snap shot by Matias Maccelli.
1:49 of 1st period - Stopped by Braden Holtby with a rebound.
2:32 of 1st period - Icing by Andy Greene.
2:33 of 1st period - Ty Dellandrea wins face-off versus Luke Glendening in Rock Island Raccoons zone.
2:36 of 1st period - Snap shot by Joel Kiviranta.
2:36 of 1st period - Shot Blocked by Andy Greene.
2:48 of 1st period - Slapshot by Matias Maccelli.
2:48 of 1st period - Shot Blocked by Carl Hagelin.
2:50 of 1st period - Snap shot by Jack Drury.
2:50 of 1st period - Stopped by Braden Holtby without a rebound.
2:51 of 1st period - Brian Boyle wins face-off versus Givani Smith in Rock Island Raccoons zone.
3:05 of 1st period - Minor Penalty to Givani Smith for Hooking.
3:06 of 1st period - Ty Dellandrea wins face-off versus Luke Glendening in Kelowna Rockets zone.
3:20 of 1st period - Wrist shot by Jasper Weatherby.
3:20 of 1st period - Stopped by Braden Holtby with a rebound.
3:32 of 1st period - Cale Fleury is hit by Andy Greene and loses puck.
4:35 of 1st period - Jasper Weatherby is hit by Carl Hagelin and loses puck.
5:05 of 1st period - Penalty to Givani Smith is over, Givani Smith is back on ice.
5:05 of 1st period - Icing by Logan Stanley.
5:06 of 1st period - Luke Glendening wins face-off versus Jacob Perreault in Rock Island Raccoons zone.
5:13 of 1st period - Givani Smith beats up Filip Chytil.
5:13 of 1st period - Penalty to Givani Smith for Fighting.
5:13 of 1st period - Penalty to Filip Chytil for Fighting.
5:14 of 1st period - Ty Dellandrea wins face-off versus Sam Carrick in neutral zone.
5:27 of 1st period - Max Lajoie is hit by Dryden Hunt and loses puck.
6:06 of 1st period - Wrist shot by Carl Hagelin.
6:06 of 1st period - Shot Misses the Net.
6:08 of 1st period - Slapshot by Carl Hagelin.
6:08 of 1st period - Shot Blocked by Lucas Johansen.
6:10 of 1st period - Wrist shot by Carl Hagelin.
6:10 of 1st period - Stopped by Justus Annunen with a rebound.
6:12 of 1st period - Wrist shot by Carl Hagelin.
6:12 of 1st period - Stopped by Justus Annunen without a rebound.
6:13 of 1st period - Ty Dellandrea wins face-off versus Luke Glendening in Kelowna Rockets zone.
6:13 of 1st period - Ty Dellandrea is hit by Mathieu Perreault.
6:22 of 1st period - Off-side.
6:23 of 1st period - Luke Glendening wins face-off versus Ty Dellandrea in neutral zone.
6:26 of 1st period - Slapshot by Luke Glendening.
6:26 of 1st period - Stopped by Justus Annunen with a rebound.
6:28 of 1st period - Slapshot by Ryan Lindgren.
6:28 of 1st period - Shot Blocked by Lucas Johansen.
6:30 of 1st period - Snap shot by Mathieu Perreault.
6:30 of 1st period - Deflect By Jasper Weatherby.
6:30 of 1st period - Shot Misses the Net.
6:30 of 1st period - Puck is out of play.
6:31 of 1st period - Ty Dellandrea wins face-off versus Luke Glendening in Kelowna Rockets zone.
6:31 of 1st period - Ty Dellandrea is hit by Ryan Lindgren.
6:57 of 1st period - Carl Hagelin is hit by Matias Maccelli and loses puck.
7:48 of 1st period - Snap shot by Luke Glendening.
7:48 of 1st period - Stopped by Justus Annunen with a rebound.
9:34 of 1st period - Slapshot by Carl Hagelin.
9:34 of 1st period - Shot Misses the Net.
9:36 of 1st period - Minor Penalty to Ty Dellandrea for Hooking.
9:37 of 1st period - Brian Boyle wins face-off versus Jack Drury in Kelowna Rockets zone.
10:13 of 1st period - Penalty to Givani Smith is over, Givani Smith is back on ice.
11:36 of 1st period - Penalty to Ty Dellandrea is over, Ty Dellandrea is back on ice.
11:52 of 1st period - Off-side.
11:53 of 1st period - Nate Thompson wins face-off versus Oskar Steen in neutral zone.
12:08 of 1st period - Snap shot by Joel Kiviranta.
12:08 of 1st period - Stopped by Braden Holtby without a rebound.
12:09 of 1st period - Luke Glendening wins face-off versus Ty Dellandrea in Rock Island Raccoons zone.
12:45 of 1st period - Slapshot by Oskar Steen.
12:45 of 1st period - Stopped by Braden Holtby with a rebound.
12:57 of 1st period - Drake Caggiula is hit by Maxence Guenette and loses puck.
13:18 of 1st period - Snap shot by Jasper Weatherby.
13:18 of 1st period - Stopped by Braden Holtby with a rebound.
13:58 of 1st period - Logan Stanley is hit by Cale Fleury and loses puck.
14:21 of 1st period - Wrist shot by Carl Hagelin.
14:21 of 1st period - Shot Blocked by Givani Smith.
14:23 of 1st period - Snap shot by Drake Caggiula.
14:23 of 1st period - Stopped by Justus Annunen with a rebound.
15:07 of 1st period - Andrew Ladd is hit by Alex Peters.
15:59 of 1st period - Slapshot by Jasper Weatherby.
15:59 of 1st period - Shot Misses the Net.
16:27 of 1st period - Matias Maccelli is hit by Brendan Smith.
16:43 of 1st period - Jesse Ylonen is hit by Andrew Ladd and loses puck.
17:16 of 1st period - Icing by Brian Boyle.
17:17 of 1st period - Brian Boyle wins face-off versus Ty Dellandrea in Rock Island Raccoons zone.
17:38 of 1st period - Slapshot by Andrew Ladd.
17:38 of 1st period - Shot Blocked by Cale Fleury.
18:34 of 1st period - Icing by Jasper Weatherby.
18:35 of 1st period - Ty Dellandrea wins face-off versus Brendan Smith in Kelowna Rockets zone.
19:02 of 1st period - Slapshot by Joel Kiviranta.
19:02 of 1st period - Shot Misses the Net.
19:04 of 1st period - Slapshot by Oskar Steen.
19:04 of 1st period - Deflect By Matias Maccelli.
19:04 of 1st period - Stopped by Braden Holtby without a rebound.
19:05 of 1st period - Brian Boyle wins face-off versus Ty Dellandrea in Rock Island Raccoons zone.
19:30 of 1st period - Icing by Joel Kiviranta.
19:31 of 1st period - Oskar Steen wins face-off versus Nate Thompson in Kelowna Rockets zone.
19:42 of 1st period - Snap shot by Filip Chytil.
19:42 of 1st period - Deflect By Nate Thompson.
19:42 of 1st period - Shot Misses the Net.
19:42 of 1st period - Puck is out of play.
19:43 of 1st period - Luke Glendening wins face-off versus Ty Dellandrea in Kelowna Rockets zone.
19:50 of 1st period - Snap shot by Jesse Ylonen.
19:50 of 1st period - Shot Blocked by Andy Greene.
19:52 of 1st period - Snap shot by Jasper Weatherby.
19:52 of 1st period - Shot Hit the Post.
19:58 of 1st period - Snap shot by Ty Dellandrea.
19:58 of 1st period - Deflect By Jesse Ylonen.
19:58 of 1st period - Stopped by Braden Holtby with a rebound.
Goals for this period are 0 for Rock Island Raccoons vs 0 for Kelowna Rockets.
Shots for this period are 5 for Rock Island Raccoons vs 10 for Kelowna Rockets.
2nd period
0:01 of 2nd period - Luke Glendening wins face-off versus Ty Dellandrea in neutral zone.
0:10 of 2nd period - Wrist shot by Luke Glendening.
0:10 of 2nd period - Shot Misses the Net.
0:12 of 2nd period - Wrist shot by Brendan Smith.
0:12 of 2nd period - Shot Misses the Net.
0:14 of 2nd period - Snap shot by Mathieu Perreault.
0:14 of 2nd period - Shot Blocked by Max Lajoie.
0:16 of 2nd period - Snap shot by Brendan Smith.
0:16 of 2nd period - Shot Misses the Net.
0:26 of 2nd period - Brian Boyle is hit by Max Lajoie.
0:53 of 2nd period - Off-side.
0:54 of 2nd period - Luke Glendening wins face-off versus Ty Dellandrea in neutral zone.
0:57 of 2nd period - Wrist shot by Luke Glendening.
0:57 of 2nd period - Stopped by Justus Annunen with a rebound.
1:05 of 2nd period - Snap shot by Luke Glendening.
1:05 of 2nd period - Stopped by Justus Annunen with a rebound.
1:21 of 2nd period - Oskar Steen is hit by Drake Caggiula and loses puck.
1:40 of 2nd period - Jake Walman is hit by Oskar Steen and loses puck.
1:58 of 2nd period - Snap shot by Joel Kiviranta.
1:58 of 2nd period - Stopped by Braden Holtby without a rebound.
1:59 of 2nd period - Jasper Weatherby wins face-off versus Filip Chytil in Rock Island Raccoons zone.
2:10 of 2nd period - Wrist shot by Filip Chytil.
2:10 of 2nd period - Stopped by Justus Annunen with a rebound.
2:12 of 2nd period - Slapshot by Ryan Lindgren.
2:12 of 2nd period - Deflect By Luke Glendening.
2:12 of 2nd period - Shot Misses the Net.
2:12 of 2nd period - Puck is out of play.
2:13 of 2nd period - Ty Dellandrea wins face-off versus Luke Glendening in Kelowna Rockets zone.
2:34 of 2nd period - Minor Penalty to Ryan Lindgren for Tripping.
2:35 of 2nd period - Ty Dellandrea wins face-off versus Luke Glendening in Rock Island Raccoons zone.
2:46 of 2nd period - Slapshot by Ty Dellandrea.
2:46 of 2nd period - Stopped by Braden Holtby without a rebound.
2:47 of 2nd period - Ty Dellandrea wins face-off versus Carl Hagelin in Rock Island Raccoons zone.
3:27 of 2nd period - Slapshot by Jasper Weatherby.
3:27 of 2nd period - Shot Misses the Net.
3:29 of 2nd period - Wrist shot by Cale Fleury.
3:29 of 2nd period - Shot Misses the Net.
3:31 of 2nd period - Slapshot by Max Lajoie.
3:31 of 2nd period - Shot Misses the Net.
3:33 of 2nd period - Slapshot by Max Lajoie.
3:33 of 2nd period - Deflect By Jesse Ylonen.
3:33 of 2nd period - Stopped by Braden Holtby with a rebound.
3:35 of 2nd period - Backhand shot by Jasper Weatherby.
3:35 of 2nd period - Stopped by Braden Holtby without a rebound.
3:36 of 2nd period - Brian Boyle wins face-off versus Oskar Steen in Rock Island Raccoons zone.
4:34 of 2nd period - Penalty to Ryan Lindgren is over, Ryan Lindgren is back on ice.
4:58 of 2nd period - Andrew Ladd is hit by Jacob Perreault and loses puck.
5:09 of 2nd period - Jasper Weatherby is hit by Dryden Hunt and loses puck.
6:33 of 2nd period - Jasper Weatherby is hit by Sam Carrick and loses puck.
7:07 of 2nd period - Jake Walman is hit by Jacob Perreault and loses puck.
8:39 of 2nd period - Givani Smith is hit by Ryan Lindgren and loses puck.
10:23 of 2nd period - Icing by Ty Dellandrea.
10:24 of 2nd period - Ty Dellandrea wins face-off versus Luke Glendening in Kelowna Rockets zone.
10:51 of 2nd period - Snap shot by Drake Caggiula.
10:51 of 2nd period - Stopped by Justus Annunen without a rebound.
10:52 of 2nd period - Oskar Steen wins face-off versus Nate Thompson in Kelowna Rockets zone.
10:57 of 2nd period - Nate Thompson is hit by Joel Kiviranta and loses puck.
11:22 of 2nd period - Wrist shot by Drake Caggiula.
11:22 of 2nd period - Stopped by Justus Annunen without a rebound.
11:23 of 2nd period - Brendan Smith wins face-off versus Ty Dellandrea in Kelowna Rockets zone.
11:30 of 2nd period - Jasper Weatherby is hit by Mathieu Perreault and loses puck.
11:39 of 2nd period - Snap shot by Luke Glendening.
11:39 of 2nd period - Stopped by Justus Annunen with a rebound.
12:06 of 2nd period - Wrist shot by Jacob Perreault.
12:06 of 2nd period - Deflect By Jack Drury.
12:06 of 2nd period - Stopped by Braden Holtby with a rebound.
12:24 of 2nd period - Snap shot by Carl Hagelin.
12:24 of 2nd period - Deflect By Drake Caggiula.
12:24 of 2nd period - Stopped by Justus Annunen with a rebound.
15:54 of 2nd period - Icing by Logan Stanley.
15:55 of 2nd period - Oskar Steen wins face-off versus Filip Chytil in Rock Island Raccoons zone.
16:44 of 2nd period - Wrist shot by Andrew Ladd.
16:44 of 2nd period - Stopped by Justus Annunen without a rebound.
16:45 of 2nd period - Nate Thompson wins face-off versus Joel Kiviranta in Kelowna Rockets zone.
17:54 of 2nd period - Snap shot by Oskar Steen.
17:54 of 2nd period - Shot Blocked by Andrew Ladd.
19:11 of 2nd period - Jack Drury is hit by Filip Chytil and loses puck.
Goals for this period are 0 for Rock Island Raccoons vs 0 for Kelowna Rockets.
Shots for this period are 8 for Rock Island Raccoons vs 5 for Kelowna Rockets.
3rd period
0:01 of 3rd period - Luke Glendening wins face-off versus Ty Dellandrea in neutral zone.
0:16 of 3rd period - Wrist shot by Brendan Smith.
0:16 of 3rd period - Shot Blocked by Ty Dellandrea.
0:25 of 3rd period - Icing by Cale Fleury.
0:26 of 3rd period - Carl Hagelin wins face-off versus Ty Dellandrea in Kelowna Rockets zone.
0:27 of 3rd period - Snap shot by Drake Caggiula.
0:27 of 3rd period - Stopped by Justus Annunen with a rebound.
0:29 of 3rd period - Wrist shot by Brian Boyle.
0:29 of 3rd period - Shot Blocked by Max Lajoie.
0:31 of 3rd period - Slapshot by Drake Caggiula.
0:31 of 3rd period - Stopped by Justus Annunen with a rebound.
0:33 of 3rd period - Wrist shot by Ben Harpur.
0:33 of 3rd period - Stopped by Justus Annunen without a rebound.
0:34 of 3rd period - Brian Boyle wins face-off versus Oskar Steen in Kelowna Rockets zone.
0:35 of 3rd period - Slapshot by Carl Hagelin.
0:35 of 3rd period - Deflect By Brian Boyle.
0:35 of 3rd period - Stopped by Justus Annunen with a rebound.
0:37 of 3rd period - Snap shot by Ben Harpur.
0:37 of 3rd period - Deflect By Carl Hagelin.
0:37 of 3rd period - Stopped by Justus Annunen without a rebound.
0:38 of 3rd period - Oskar Steen wins face-off versus Filip Chytil in Kelowna Rockets zone.
0:38 of 3rd period - Oskar Steen is hit by Filip Chytil.
0:46 of 3rd period - Slapshot by Max Lajoie.
0:46 of 3rd period - Shot Misses the Net.
0:48 of 3rd period - Slapshot by Lucas Johansen.
0:48 of 3rd period - Shot Blocked by Filip Chytil.
0:50 of 3rd period - Snap shot by Oskar Steen.
0:50 of 3rd period - Goal by Oskar Steen - Rock Island Raccoons : 0 - Kelowna Rockets : 1.
0:51 of 3rd period - Luke Glendening wins face-off versus Ty Dellandrea in neutral zone.
0:54 of 3rd period - Jesse Ylonen is hit by Brendan Smith and loses puck.
1:03 of 3rd period - Snap shot by Mathieu Perreault.
1:03 of 3rd period - Shot Blocked by Ty Dellandrea.
1:05 of 3rd period - Slapshot by Ryan Lindgren.
1:05 of 3rd period - Stopped by Justus Annunen with a rebound.
1:07 of 3rd period - Slapshot by Ryan Lindgren.
1:07 of 3rd period - Stopped by Justus Annunen without a rebound.
1:08 of 3rd period - Brian Boyle wins face-off versus Oskar Steen in Kelowna Rockets zone.
1:09 of 3rd period - Snap shot by Carl Hagelin.
1:09 of 3rd period - Stopped by Justus Annunen with a rebound.
1:23 of 3rd period - Wrist shot by Carl Hagelin.
1:23 of 3rd period - Shot Misses the Net.
1:40 of 3rd period - Wrist shot by Mathieu Perreault.
1:40 of 3rd period - Shot Misses the Net.
1:42 of 3rd period - Snap shot by Ryan Lindgren.
1:42 of 3rd period - Deflect By Oskari Laaksonen.
1:42 of 3rd period - Goal by Ryan Lindgren - Rock Island Raccoons : 1 - Kelowna Rockets : 1.
1:43 of 3rd period - Ty Dellandrea wins face-off versus Filip Chytil in neutral zone.
2:09 of 3rd period - Minor Penalty to Cale Fleury for Hooking.
2:10 of 3rd period - Luke Glendening wins face-off versus Ty Dellandrea in Kelowna Rockets zone.
2:15 of 3rd period - Snap shot by Mathieu Perreault.
2:15 of 3rd period - Shot Misses the Net.
2:37 of 3rd period - Ty Dellandrea is hit by Carl Hagelin and loses puck.
4:09 of 3rd period - Penalty to Cale Fleury is over, Cale Fleury is back on ice.
4:27 of 3rd period - Andrew Ladd is hit by Max Lajoie and loses puck.
7:16 of 3rd period - Icing by Oskar Steen.
7:17 of 3rd period - Jack Drury wins face-off versus Nate Thompson in Kelowna Rockets zone.
7:17 of 3rd period - Jack Drury is hit by Ben Harpur.
7:23 of 3rd period - Wrist shot by Jacob Perreault.
7:23 of 3rd period - Shot Hit the Post.
7:25 of 3rd period - Wrist shot by Jack Drury.
7:25 of 3rd period - Shot Blocked by Nate Thompson.
7:43 of 3rd period - Minor Penalty to Brian Boyle for Holding.
7:44 of 3rd period - Carl Hagelin wins face-off versus Ty Dellandrea in Rock Island Raccoons zone.
8:09 of 3rd period - Matias Maccelli is hit by Carl Hagelin and loses puck.
8:14 of 3rd period - Slapshot by Andrew Ladd.
8:14 of 3rd period - Stopped by Justus Annunen with a rebound.
8:16 of 3rd period - Slapshot by Brendan Smith.
8:16 of 3rd period - Stopped by Justus Annunen with a rebound.
8:18 of 3rd period - Wrist shot by Logan Stanley.
8:18 of 3rd period - Shot Blocked by Joel Kiviranta.
8:20 of 3rd period - Slapshot by Logan Stanley.
8:20 of 3rd period - Shot Misses the Net.
8:22 of 3rd period - Slapshot by Logan Stanley.
8:22 of 3rd period - Deflect By Oskar Steen.
8:22 of 3rd period - Stopped by Justus Annunen with a rebound.
9:32 of 3rd period - Luke Glendening is hit by Lucas Johansen and loses puck.
9:43 of 3rd period - Penalty to Brian Boyle is over, Brian Boyle is back on ice.
9:57 of 3rd period - Icing by Oskari Laaksonen.
9:58 of 3rd period - Nate Thompson wins face-off versus Jack Drury in Kelowna Rockets zone.
9:59 of 3rd period - Snap shot by Andrew Ladd.
9:59 of 3rd period - Deflect By Filip Chytil.
9:59 of 3rd period - Shot Blocked by Jacob Perreault.
9:59 of 3rd period - Puck is out of play.
10:00 of 3rd period - Jack Drury wins face-off versus Nate Thompson in Kelowna Rockets zone.
10:07 of 3rd period - Minor Penalty to Andrew Ladd for Interference.
10:08 of 3rd period - Ty Dellandrea wins face-off versus Carl Hagelin in Rock Island Raccoons zone.
10:20 of 3rd period - Snap shot by Jesse Ylonen.
10:20 of 3rd period - Stopped by Braden Holtby without a rebound.
10:21 of 3rd period - Luke Glendening wins face-off versus Ty Dellandrea in Rock Island Raccoons zone.
11:14 of 3rd period - Mathieu Perreault is hit by Jasper Weatherby and loses puck.
12:07 of 3rd period - Penalty to Andrew Ladd is over, Andrew Ladd is back on ice.
13:03 of 3rd period - Drake Caggiula is hit by Lucas Johansen and loses puck.
15:11 of 3rd period - Minor Penalty to Ben Harpur for Holding.
15:12 of 3rd period - Luke Glendening wins face-off versus Ty Dellandrea in Rock Island Raccoons zone.
15:32 of 3rd period - Off-side.
15:33 of 3rd period - Carl Hagelin wins face-off versus Oskar Steen in neutral zone.
16:23 of 3rd period - Mathieu Perreault is hit by Jasper Weatherby and loses puck.
16:28 of 3rd period - Snap shot by Jesse Ylonen.
16:28 of 3rd period - Shot Misses the Net.
16:30 of 3rd period - Slapshot by Jasper Weatherby.
16:30 of 3rd period - Stopped by Braden Holtby with a rebound.
16:32 of 3rd period - Backhand shot by Jasper Weatherby.
16:32 of 3rd period - Shot Blocked by Andy Greene.
16:34 of 3rd period - Wrist shot by Cale Fleury.
16:34 of 3rd period - Stopped by Braden Holtby with a rebound.
16:36 of 3rd period - Wrist shot by Jasper Weatherby.
16:36 of 3rd period - Goal by Jasper Weatherby - Rock Island Raccoons : 1 - Kelowna Rockets : 2.
16:37 of 3rd period - Oskar Steen wins face-off versus Nate Thompson in neutral zone.
16:45 of 3rd period - Snap shot by Matias Maccelli.
16:45 of 3rd period - Shot Misses the Net.
16:47 of 3rd period - Snap shot by Oskar Steen.
16:47 of 3rd period - Shot Misses the Net.
16:49 of 3rd period - Wrist shot by Joel Kiviranta.
16:49 of 3rd period - Stopped by Braden Holtby with a rebound.
16:51 of 3rd period - Slapshot by Max Lajoie.
16:51 of 3rd period - Deflect By Oskar Steen.
16:51 of 3rd period - Stopped by Braden Holtby with a rebound.
16:53 of 3rd period - Wrist shot by Oskar Steen.
16:53 of 3rd period - Stopped by Braden Holtby with a rebound.
16:59 of 3rd period - Minor Penalty to Nate Thompson for Holding.
17:00 of 3rd period - Ty Dellandrea wins face-off versus Carl Hagelin in Rock Island Raccoons zone.
18:59 of 3rd period - Penalty to Nate Thompson is over, Nate Thompson is back on ice.
19:10 of 3rd period - Wrist shot by Jack Drury.
19:10 of 3rd period - Deflect By Roby Jarventie.
19:10 of 3rd period - Stopped by Braden Holtby without a rebound.
19:11 of 3rd period - Kerry Huffman call a timeout for Rock Island Raccoons.
19:11 of 3rd period - Jack Drury wins face-off versus Luke Glendening in Rock Island Raccoons zone.
19:16 of 3rd period - Wrist shot by Roby Jarventie.
19:16 of 3rd period - Stopped by Braden Holtby without a rebound.
19:17 of 3rd period - Luke Glendening wins face-off versus Jack Drury in Rock Island Raccoons zone.
19:24 of 3rd period - Roby Jarventie is hit by Luke Glendening and loses puck.
19:31 of 3rd period - Rock Island Raccoons, Braden Holtby is pulled from the net.
19:35 of 3rd period - Snap shot by Luke Glendening.
19:35 of 3rd period - Shot Blocked by Jack Drury.
19:39 of 3rd period - Snap shot by Andy Greene.
19:39 of 3rd period - Stopped by Justus Annunen with a rebound.
19:41 of 3rd period - Snap shot by Luke Glendening.
19:41 of 3rd period - Stopped by Justus Annunen without a rebound.
19:42 of 3rd period - Roby Jarventie wins face-off versus Luke Glendening in Kelowna Rockets zone.
19:51 of 3rd period - Snap shot by Luke Glendening.
19:51 of 3rd period - Shot Blocked by Roby Jarventie.
19:53 of 3rd period - Snap shot by Mathieu Perreault.
19:53 of 3rd period - Shot Blocked by Roby Jarventie.
19:55 of 3rd period - Wrist shot by Brendan Smith.
19:55 of 3rd period - Stopped by Justus Annunen without a rebound.
19:56 of 3rd period - Roby Jarventie wins face-off versus Luke Glendening in Kelowna Rockets zone.
Goals for this period are 1 for Rock Island Raccoons vs 2 for Kelowna Rockets.
Shots for this period are 15 for Rock Island Raccoons vs 10 for Kelowna Rockets.
Back to the Top